 Dungeon Crawl Stone Soup version 0.23-a0-395-gcf17ac6 (webtiles) character file.

36 BingusPrime the Insei (level 3, 0/26 HPs)
             Began as a Merfolk Transmuter on Nov 1, 2018.
             Succumbed to an adder's poison
             ... on level 2 of the Dungeon.
             The game lasted 00:04:23 (952 turns).

BingusPrime the Insei (Merfolk Transmuter)           Turns: 952, Time: 00:04:24

Health: 0/26       AC:  3    Str:  9 (12) XL:     3   Next: 37%
Magic:  6/7        EV: 13    Int: 10 (12) God:
Gold:   57         SH:  0    Dex: 13 (15) Spells: 5/6 levels left

rFire    x . .     SeeInvis .     - Unarmed
rCold    + . .     Gourm    .   (no shield)
rNeg     . . .     Faith    .   i - +1 robe
rPois    .         Spirit   .   (no helmet)
rElec    .         Reflect  .   (no cloak)
rCorr    .         Harm     .   (no gloves)
MR       .....                  (no boots)
Stlth    +.........             (no amulet)
HPRegen  0.08/turn              l - ring of ice
MPRegen  0.10/turn              (no ring)

@: lethally poisoned (0 -> -5)
A: change form in water, swift swim, stealthy swim, high mp 1, strong 1
a: no special abilities


You were on level 2 of the Dungeon.
You were not hungry.

You visited 1 branch of the dungeon, and saw 2 of its levels.

You collected 57 gold pieces.

Inventory:

Missiles
 a - 12 arrows
Armour
 b - a +0 robe
 i - a +1 robe (worn)
Jewellery
 l - a ring of ice (left hand)
Comestibles
 d - 3 rations


   Skills:
 + Level 1.1 Fighting
 + Level 3.0 Dodging
 + Level 0.1 Stealth
 * Level 4.1 Unarmed Combat
 + Level 2.3 Spellcasting
 + Level 3.1 Transmutations


You had 5 spell levels left.
You knew the following spells:

 Your Spells              Type           Power        Failure   Level  Hunger
a - Beastly Appendage     Tmut           #.....       9%          1    ##.....

Your spell library contained the following spells:

 Spells                   Type           Power        Failure   Level  Hunger
 Sticks to Snakes         Tmut           #.......     12%         2    ###....
 Spider Form              Tmut/Pois      #.........   43%         3    ####...
 Ice Form                 Ice/Tmut       #.......     83%         4    #####..
 Blade Hands              Tmut           #.........   92%         5    ######.


Dungeon Overview and Level Annotations

Branches:
Dungeon (2/15)

Altars:


Innate Abilities, Weirdness & Mutations

You revert to your normal form in water.
You are very nimble and swift while swimming.
You are very stealthy in the water. (Stealth+)
You have an increased reservoir of magic. (+10% MP)
Your muscles are strong. (Str +2)


Message History

You barely miss the adder.
The adder is almost dead.
* * * LOW HITPOINT WARNING * * *
You feel sick. The adder closely misses you. x2
You hit the adder but do no damage.
The adder is almost dead.
The adder closely misses you.
You hit the adder.
You kill the adder!
Your Unarmed Combat skill increases to level 4!
* * * LOW HITPOINT WARNING * * *
You feel sick.
As you read the scroll labeled LUNNEPNICU, it crumbles to dust.
You smell baking bread.
It was a scroll of random uselessness.
You feel extremely strange.
Your body's shape seems more normal.
You feel clumsy.
You feel stronger.
You feel more energetic.
* * * LOW HITPOINT WARNING * * *
You feel sick.
You die...

##################
#........#.......#
#........#.......#
##................#
#................##
.###.....#@.........#
......†..#..........#
.........#..........##
#........#...........#
#....................#
#....................###
.............#####.....#
.............#####.....###
..........................


There were no monsters in sight!

Vanquished Creatures
  An adder (D:2)
  A dart slug (D:1)
  2 leopard geckos (D:1)
  A ball python (D:1)
  A giant cockroach (D:1)
  4 goblins
  2 hobgoblins (D:1)
  A kobold (D:1)
  5 bats
  2 frilled lizards
  2 rats (D:1)
22 creatures vanquished.

Notes
Turn   | Place    | Note
-------+----------+-------------------------------------------
     0 | D:1      | BingusPrime the Merfolk Transmuter began the quest for the
                  | Orb.
     0 | D:1      | Reached XP level 1. HP: 15/15 MP: 3/3
   220 | D:1      | Reached XP level 2. HP: 19/21 MP: 5/5
   769 | D:2      | Reached XP level 3. HP: 18/26 MP: 6/6
   941 | D:2      | Gained mutation: Armour fits poorly on your strangely
                  | shaped body. [potion of mutation]
   941 | D:2      | Gained mutation: You are agile. (Dex +2) [potion of
                  | mutation]
   947 | D:2      | Reached skill level 4 in Unarmed Combat
   949 | D:2      | Lost mutation: Armour fits poorly on your strangely shaped
                  | body. [potion of mutation]
   949 | D:2      | Lost mutation: You are agile. (Dex +2) [potion of mutation]
   949 | D:2      | Gained mutation: Your muscles are strong. (Str +2) [potion
                  | of mutation]
   949 | D:2      | Gained mutation: You have an increased reservoir of magic.
                  | (+10% MP) [potion of mutation]
   949 | D:2      | HP: 1/26 [poisoned by an adder]
   952 | D:2      | Succumbed to an adder's poison

Vault maps used:
D:1:      psy_arrival_conway
D:2:      yredelemnul_altar_generic, first_ration, uniq_crazy_yiuf_cottage

Skill      XL: |  1  2  3 |
---------------+----------+-----
Dodging        | 3 |  3.0
Transmutations | 3 |  3.1
Unarmed Combat | 4 |  4.1
Fighting       | |  1.1
Stealth        | |  0.1
Spellcasting   | |  2.3

Action                   || total
-------------------------++-------
Melee: Unarmed           ||    81
       Headbutt          ||     3
       Punch             ||     2
 Cast: Beastly Appendage ||     7
  Use: Scroll            ||     5
       Potion            ||     3
 Stab: Sleeping          ||     2
Armor: Robe              ||    18
Dodge: Dodged            ||    73

Table legend:
 A = Non-vault XP
 B = Vault XP
 C = Vault XP percentage of total XP
 D = Non-vault monster count
 E = Vault monster count
 F = Vault count percentage of total count
                 A         B        C        D         E       F
            +---------+---------+-------+---------+---------+-------
      Total |      52 |       0 |   0.0 |      22 |       0 |   0.0
            +---------+---------+-------+---------+---------+-------
        D:1 |      30 |       0 |   0.0 |      16 |       0 |   0.0
        D:2 |      22 |       0 |   0.0 |       6 |       0 |   0.0
            +---------+---------+-------+---------+---------+-------
